 Dungeon Crawl Stone Soup version 0.18-a0-738-g888b110 (webtiles) character file.

127 Proton the Insei (level 5, -1/28 HPs)
             Began as a Vine Stalker Monk on Dec 10, 2015.
             Slain by a gnoll (4 damage)
             ... on level 4 of the Dungeon.
             The game lasted 00:04:52 (2585 turns).

Proton the Insei (Vine Stalker Monk)                Turns: 2585, Time: 00:04:53

Health: -1/28      AC:  3    Str: 14    XL:     5   Next: 11%
Magic:  0/6        EV: 13    Int: 10    God:
Gold:   172        SH:  0    Dex: 17    Spells: 0 memorised, 4 levels left

rFire  . . .     SeeInvis .       - Unarmed
rCold  . . .     Clarity  .     a - +0 robe
rNeg   . . .     SustAt   .     (no shield)
rPois  .         Gourm    .     (no helmet)
rElec  .         Spirit   +     j - +0 cloak (curse)
rCorr  .         Dismiss  .     (no gloves)
rMut   .         Stasis   +     (no boots)
MR     .....                    i - amulet of stasis
Stlth  ++........               (no ring)
                                (no ring)

@: not resistant to hostile enchantments, unstealthy
A: fangs 2, regeneration 1, magic shield, antimagic bite, no device heal 3, rot
immunity
a: no special abilities


You were on level 4 of the Dungeon.
You were not hungry.

You visited 1 branch of the dungeon, and saw 4 of its levels.

You collected 172 gold pieces.

Inventory:

Armour
 a - a +0 robe (worn)
 j - a cursed +0 cloak (worn)
Jewellery
 i - an amulet of stasis (around neck)
Scrolls
 d - a scroll of fog {unknown}
 g - 2 scrolls of enchant armour {unknown}
 k - a scroll of blinking
 n - a scroll of teleportation {unknown}
 r - 4 scrolls of identify {unknown}
Potions
 c - a potion of cure mutation {unknown}
 e - a potion of might {unknown}
 f - 2 potions of agility {unknown}
 h - 4 potions of heal wounds {unknown}
 l - a potion of lignification {unknown}
Comestibles
 b - 2 bread rations
 o - 3 fruits


   Skills:
 + Level 3.4 Fighting
 + Level 3.0 Dodging
 - Level 2.4 Stealth
 * Level 5.2 Unarmed Combat


You had 4 spell levels left.
You didn't know any spells.

Dungeon Overview and Level Annotations

Branches:
Dungeon (4/15)
 Temple: D:4-7

Altars:

Annotations:
D:4 Blork the orc


Innate Abilities, Weirdness & Mutations

You have extremely sharp teeth.
Your natural rate of healing is unusually fast.
When hurt, damage is shared between your health and your magic reserves.
Your bite disrupts and absorbs the magic of your enemies.
Potions and wands cannot restore your health.
You are immune to rotting.


Message History

Blork the orc gestures wildly while chanting.
Blork the orc flickers and vanishes!
Deactivating autopickup; reactivate with Ctrl-A.
The gnoll hits you from afar with a spear.
The gnoll barely misses you. Something hits you but does no damage.
You closely miss something. You bite something. You drain its magic.
You feel invigorated.
The gnoll hits you from afar with a spear.
Something hits you!
You closely miss something. You bite something. You drain its magic.
You feel invigorated. The gnoll barely misses you.
The gnoll hits you from afar with a spear.
Something barely misses you. The gnoll hits you with a spear.
* * * LOW HITPOINT WARNING * * *
The gnoll barely misses you. Something hits you!
* * * LOW HITPOINT WARNING * * *
The gnoll hits you.
You die...

#......#
#...##.##.......#
######.#
#..###.##.##.##.# #.#
#......##.##.##.# ##.#
###.######.##.##.# #..#
#.....# #.##.##.# #.##
#.....# #.......# #.#
#ggg..# ####.#### #.#
#..g..# ####.#### #.#
#.{@..# #.......# #.#
######### #.##.##.#
#.####.......# #.##.##.#
#.........##.# #.##.##.#
######.##.##.###†##.##.#
#.##..<...........#
#.#####.#.##.#.####
#.#####.#.##.#.#
#.......#......#


You could see 4 gnolls.

Vanquished Creatures
  Jessica (D:3)
  An orc wizard (D:3)
  2 adders (D:3)
  An ooze (D:2)
  A worm (D:3)
  An adder skeleton (D:3)
  A giant gecko (D:2)
  2 orcs (D:3)
  5 giant cockroaches
  2 hobgoblins (D:3)
  3 jackals (D:2)
  6 kobolds
  A quokka (D:2)
  A ball python (D:1)
  5 bats
  4 giant newts
  3 goblins
  11 rats
51 creatures vanquished.

Notes
Turn   | Place    | Note
--------------------------------------------------------------
     0 | D:1      | Proton the Vine Stalker Monk began the quest for the Orb.
     0 | D:1      | Reached XP level 1. HP: 11/11 MP: 2/2
   214 | D:1      | Reached XP level 2. HP: 16/16 MP: 3/3
   977 | D:2      | Reached XP level 3. HP: 19/19 MP: 4/4
  1646 | D:3      | Noticed Jessica
  1661 | D:3      | Killed Jessica
  1661 | D:3      | Reached skill level 5 in Unarmed Combat
  1661 | D:3      | Reached XP level 4. HP: 20/24 MP: 5/5
  1918 | D:3      | Reached XP level 5. HP: 10/28 MP: 2/6
  2561 | D:4      | Noticed Blork the orc
  2585 | D:4      | Slain by a gnoll

Vault maps used:
D:1:      evilmike_arrival_rings
D:2:      kennysheep_big_flooded_room, first_bread, minivault_26
D:3:      uniq_jessica
D:4:      lemuel_doored_altar, serial_shops, shop, serial_park_tiny_pond,
          uniq_blork_the_orc

Action                   |  1- 3 |  4- 6 || total
-------------------------+-------+-------++-------
Melee: Unarmed           |   106 |    62 ||   168
  Use: Scroll            |       |     5 ||     5
 Stab: Sleeping          |     3 |     3 ||     6
  Eat: Fruit             |     1 |       ||     1
       Pizza             |     1 |       ||     1
       Meat ration       |       |     1 ||     1
       Beef jerky        |       |     1 ||     1
